 Dungeon Crawl Stone Soup version 0.22-a0-445-g8c8ef71 (webtiles) character file.

252098 4thArraOfDagon the Minotaur Blade (level 19, -29/161 HPs)
             Began as a Minotaur Monk on June 2, 2018.
             Was the Champion of Nemelex Xobeh.
             Blown up by an orb spider (38 damage)
             ... with an orb of destruction
             ... on level 4 of the Spider Nest on June 3, 2018.
             The game lasted 02:12:55 (22651 turns).

4thArraOfDagon the Minotaur Blade (Minotaur Monk)  Turns: 22651, Time: 02:12:56

Health: -29/161    AC: 17    Str: 17      XL:     19   Next: 34%
Magic:  12/31      EV: 24    Int: 18      God:    Nemelex Xobeh [******]
Gold:   971        SH:  0    Dex: 14 (15) Spells: 4/18 levels left

rFire    + . .     SeeInvis .   f - +0 sword of Power
rCold    + . .     Gourm    .   (shield currently unavailable)
rNeg     + . .     Faith    .   Q - +4 troll leather armour
rPois    +         Spirit   .   (helmet unavailable)
rElec    .         Reflect  .   z - scarf {rC+ rF+}
rCorr    .         Harm     .   P - +2 pair of gloves {Str+3}
MR       +....     Rnd*Rage +   n - +2 pair of boots {Fly}
Stlth    ++........             D - amulet of rage
HPRegen  0.76/turn              J - +3 ring of evasion
MPRegen  0.22/turn              V - ring "Deomaas" {rPois rN+ Int+5 Slay-2}

@: berserk cooldown, slowed, very slow
A: retaliatory headbutt, horns 3, slimy green scales 1, berserk 1, frail 1,
sense surroundings 1, screaming 1, weak 1
}: 1/15 runes: barnacled
a: Triple Draw, Deal Four, Stack Five, Renounce Religion, Evoke Berserk Rage,
Evoke Flight


You were on level 4 of the Spider Nest.
You worshipped Nemelex Xobeh.
Nemelex Xobeh was exalted by your worship.
You were not hungry.

You visited 6 branches of the dungeon, and saw 34 of its levels.
You also visited: Labyrinth, Sewer, Ossuary, Volcano and Desolation.

You collected 3499 gold pieces.
You spent 2528 gold pieces at shops.

Inventory:

Hand Weapons
 f - the +0 sword of Power (weapon)
   (You found it on level 3 of the Elven Halls)
 h - the +6 great sword of Zeamuene {slice, rN+ Str-4 Dex+2}
   (You bought it in a shop on level 1 of the Elven Halls)

   It inflicts extra damage upon your enemies.
   It affects your strength (-4).
   It affects your dexterity (+2).
   It protects you from negative energy.
Missiles
 U - 2 throwing nets (quivered)
Armour
 n - a +2 pair of boots of flying (worn)
 z - a scarf of resistance (worn)
 P - a +2 pair of gloves of strength (worn)
 Q - a +4 troll leather armour (worn)
 W - a +1 hat of intelligence
Magical Staves
 K - an uncursed staff of energy {!a}
Jewellery
 i - the ring of Haofuvaz {rC+ rN+ Str-4}
   (You took it off a deep elf annihilator on level 3 of the Elven Halls)

   [ring of strength]

   It affects your strength (-4).
   It protects you from cold.
   It protects you from negative energy.
 x - the ring "Fuhigg" {+Blink MR+}
   (You found it in the Desolation of Salt)

   [ring of protection from magic]

   It affects your resistance to hostile enchantments.
   It lets you blink.
 D - an amulet of rage (around neck)
 G - an uncursed ring of resist corrosion
 J - a +3 ring of evasion (left hand)
 V - the ring "Deomaas" (right hand) {rPois rN+ Int+5 Slay-2}
   (You found it on level 2 of the Shoals)

   [ring of positive energy]

   It affects your intelligence (+5).
   It affects your accuracy and damage with ranged weapons and melee attacks
   (-2).
   It protects you from poison.
   It protects you from negative energy.
Wands
 m - a wand of clouds (7)
 w - a wand of iceblast (23)
 S - a wand of digging (1)
 T - a wand of acid (22)
Scrolls
 d - 9 scrolls of teleportation
 e - 11 scrolls of remove curse
 k - 4 scrolls of magic mapping
 l - 5 scrolls of blinking
 t - 5 scrolls of fog
 A - 2 scrolls of fear
 B - 2 scrolls of immolation
 O - a scroll of holy word
Potions
 b - a potion of heal wounds
 g - 9 potions of curing
 j - 2 potions of resistance
 o - 13 potions of brilliance
 p - 3 potions of berserk rage
 r - a potion of ambrosia
 s - 3 potions of haste
 u - a potion of invisibility
 H - 2 potions of magic
 M - 2 potions of might
Miscellaneous
 a - an ornate deck of escape {Velocity, left: 2}
 q - an ornate deck of summoning
 v - a legendary deck of destruction
 y - a legendary deck of destruction {drawn: 5}
 C - an ornate deck of summoning {drawn: 1}
 E - a legendary deck of escape {the Cloud, left: 5}
 F - an ornate deck of summoning {the Elements, left: 3}
 I - a legendary deck of destruction {Wild Magic, left: 3}
 L - an ornate deck of escape {the Elixir, left: 5}
 N - a lightning rod (4/4)
 R - an ornate deck of escape {the Elixir, left: 5}
 X - a legendary deck of destruction {the Orb, left: 5}
 Z - a legendary deck of destruction {the Orb, left: 5}
Comestibles
 c - 40 rations


   Skills:
 + Level 18.2 Fighting
 - Level 24.0 Long Blades
 - Level 4.0 Armour
 - Level 14.0 Dodging
 - Level 1.5 Stealth
 + Level 18.0 Invocations
 - Level 4.0 Evocations


You had 4 spell levels left.
You knew the following spells:

 Your Spells              Type           Power        Failure   Level  Hunger
a - Borgnjor's Vile Clut  Necr/Erth      #.........   100%        5    ######.
b - Shatter               Erth           #.........   100%        9    #######

Your spell library contained the following spells:

 Spells                   Type           Power        Failure   Level  Hunger
 Cause Fear               Hex            #.........   95%         4    #####..
 Magic Dart               Conj           #...         26%         1    ##.....
 Conjure Flame            Conj/Fire      #.......     61%         3    ####...
 Bolt of Fire             Conj/Fire      #.........   100%        6    #######
 Lightning Bolt           Conj/Air       #.........   100%        5    ######.
 Slow                     Hex            #.......     36%         2    ###....
 Confuse                  Hex            #.......     61%         3    ####...
 Throw Frost              Conj/Ice       #.....       36%         2    ###....
 Freezing Cloud           Conj/Ice/Air   #.........   100%        6    #######
 Mephitic Cloud           Conj/Pois/Air  #.......     61%         3    ####...
 Ring of Flames           Chrm/Fire      #.........   100%        7    #######
 Venom Bolt               Conj/Pois      #.........   100%        5    ######.
 Olgreb's Toxic Radiance  Pois           #.......     95%         4    #####..
 Teleport Other           Tloc           #.......     61%         3    ####...
 Bolt of Draining         Conj/Necr      #.........   100%        5    ######.
 Blink                    Tloc           N/A          36%         2    ###....
 Iskenderun's Mystic Bla  Conj           #.......     95%         4    #####..
 Pain                     Necr           #...         26%         1    ##.....
 Animate Skeleton         Necr           N/A          26%         1    ##.....
 Freeze                   Ice            #...         26%         1    ##.....
 Sticky Flame             Conj/Fire      #.......     95%         4    #####..
 Summon Ice Beast         Ice/Summ       #.......     95%         4    #####..
 Ozocubu's Armour         Chrm/Ice       #.......     61%         3    ####...
 Regeneration             Chrm/Necr      #.........   61%         3    ####...
 Sting                    Conj/Pois      #...         26%         1    ##.....
 Tukima's Dance           Hex            #.......     61%         3    ####...
 Deflect Missiles         Chrm/Air       #.........   100%        6    #######
 Throw Icicle             Conj/Ice       #.......     95%         4    #####..
 Flame Tongue             Conj/Fire      #....        26%         1    ##.....
 Ensorcelled Hibernation  Hex/Ice        #.....       36%         2    ###....
 Silence                  Hex/Air        #.........   100%        5    ######.
 Static Discharge         Conj/Air       #.......     61%         3    ####...
 Corona                   Hex            #......      26%         1    ##.....
 Conjure Ball Lightning   Conj/Air       #.........   100%        6    #######
 Portal Projectile        Hex/Tloc       #.....       61%         3    ####...
 Passage of Golubria      Tloc           N/A          95%         4    #####..
 Malign Gateway           Summ/Tloc      #.........   100%        7    #######
 Tornado                  Air            #.........   100%        9    #######
 Leda's Liquefaction      Hex/Erth       #.........   95%         4    #####..
 Shroud of Golubria       Chrm/Tloc      #.........   36%         2    ###....
 Inner Flame              Hex/Fire       #.......     61%         3    ####...
 Fulminant Prism          Conj/Hex       #.........   95%         4    #####..
 Dazzling Spray           Conj/Hex       #.....       61%         3    ####...
 Force Lance              Conj/Tloc      #.......     95%         4    #####..
 Searing Ray              Conj           #.....       36%         2    ###....
 Discord                  Hex            #.........   100%        8    #######
 Summon Lightning Spire   Summ/Air       #.......     95%         4    #####..
 Irradiate                Conj/Tmut      #.........   100%        5    ######.
 Gell's Gravitas          Tloc           #.........   61%         3    ####...
 Yara's Violent Unravell  Hex/Tmut       #.........   100%        5    ######.
 Lesser Beckoning         Tloc           #.........   61%         3    ####...
 Poisonous Vapours        Pois/Air       #.....       36%         2    ###....
 Ignition                 Fire           #.........   100%        8    #######


Dungeon Overview and Level Annotations

Branches:
Dungeon (15/15)            Temple (0/1) D:7            Lair (6/6) D:9
 Shoals (4/4) Lair:3       Spider (4/4) Lair:3        Slime (0/5) Lair:6
    Orc (2/2) D:10            Elf (3/3) Orc:2
 Vaults: D:13-14     Depths: D:15

Altars:
Ashenzari
Elyvilon
Fedhas
Nemelex Xobeh
Ru
Uskayaw
Wu Jian
Yredelemnul
The Shining One
Beogh

Shops:
Orc:2 (*}}   Elf:1 *   Shoals:2 !=**   Shoals:4 [(:[

Annotations:
D:13 Rupert
Lair:6 exclusion: 4 oklob plants
Elf:2 3 runed doors


Innate Abilities, Weirdness & Mutations

You reflexively headbutt those who attack you in melee.
You have a pair of large horns on your head.
You are partially covered in slimy green scales. (AC +2)
You tend to lose your temper in combat.
You are frail. (-10% HP)
You passively map a small area around you.
You occasionally shout uncontrollably at your foes.
You are weak. (Str -2)


Message History

Evoke which item? (* to show all) (? for menu, Esc to quit)
You draw a card...
It is the Storm.
A mighty gale blasts forth from the card!
Your air elemental is blown away by the wind.
You hear an angry hiss.
The orb spider spins a strand of pure energy.
Unknown command.
Unknown command.
The orb spider weaves a glowing orb of energy.
Your air elemental barely misses the orb spider.
An orb of destruction comes into view.
Really walk into that cloud of thunder?
Okay, then.
Your air elemental hits the orb spider.
Your air elemental misses the orb spider.
The orb spider is struck by lightning.
You kill the orb spider!
The orb of destruction hits you!
You die...
Your body glows with a rainbow of weird colours and disappears.

,, ...... ,≈
,*....., ,
##.§..#
,###§Ew..##
, *
##.§.E§...##
*,
#§§§§§§....#
*
#†.§§§§.....
#..§§#, ,
##.@##,,
####, , * ,,
, ,,, * , *
, ,* *


You could see a torpor snail and 2 friendly air elementals.

Vanquished Creatures
  Asterion (Elf:1)
  A deep elf master archer (Elf:3)
  A deep elf blademaster (Elf:3)
  Polyphemus (Shoals:2)
  Gastronok (Lair:1)
  4 deep elf sorcerers (Elf:3)
  2 emperor scorpions
  An imperial myrmidon (Desolation)
  The ghost of Gorglomux the Champion of Chaos, a journeyman DDFi of Makhleb (Lair:6)
  Aizul (Shoals:2)
  6 deep elf elementalists
  An entropy weaver (Spider:3)
  5 deep elf demonologists (Elf:3)
  A spark wasp (Spider:2)
  11 deep elf annihilators
  3 crystal guardians (Desolation)
  An ettin (Orc:2)
  9 deep elf death magi
  2 merfolk javelineers (Shoals:4)
  4 merfolk impalers
  6 deep elf high priests (Elf:3)
  Erolcha (D:13)
  6 merfolk avatars
  4 catoblepae
  5 ragged hierophants (Desolation)
  6 servants of whispers
  2 centaur warriors
  5 large abominations
  3 alligator snapping turtles (Shoals:4)
  4 peacekeepers (Desolation)
  5 merfolk aquamancers
  4 two-headed ogres
  11 dancing weapons
  4 death yaks
  3 orc high priests
  3 satyrs
  A small abomination (Elf:2)
  7 deep elf knights
  A sun demon (Shoals:2)
  Sonja (Lair:2)
  A fire crab (Elf:2)
  20 sea snakes
  A swamp dragon (D:13)
  2 unseen horrors (D:15)
  9 deep elf archers
  2 lindwurms (Elf:2)
  2 wizards (D:11)
  4 ironbrand convokers (Desolation)
  22 harpies
  2 oklob plants (Lair:6)
  6 orb spiders
  31 deep elf magi
  3 orc knights
  7 ugly things
  An orc sorcerer (Orc:1)
  13 manticores
  A mana viper (Shoals:3)
  2 salamanders (Volcano)
  20 fauns
  4 cyclopes
  19 wolf spiders
  3 elephants (Lair:6)
  2 black mambas
  10 merfolk sirens
  A torpor snail (Lair:6)
  A centaur zombie (D:11)
  6 guardian serpents (Desolation)
  9 water nymphs
  2 molten gargoyles (Elf:2)
  A gargoyle (D:11)
  27 spiny frogs
  3 komodo dragons
  2 rime drakes
  3 demonic crawlers
  A merfolk (shapeshifter) (Elf:2)
  A tengu conjurer (D:15)
  2 polar bears
  22 merfolk
  3 trolls
  A slime creature (D:9)
  53 saltlings
  4 tyrant leeches (Lair:6)
  6 wind drakes
  17 jumping spiders
  12 hippogriffs
  26 blink frogs
  2 hornets
  15 snapping turtles
  10 dream sheep (Lair:6)
  2 air elementals (Elf:2)
  A spriggan (D:8)
  19 tarantellas
  44 redbacks
  12 water elementals
  4 wyverns
  A yak (shapeshifter) (Elf:1)
  54 yaks
  5 fire elementals
  5 basilisks
  3 fire bats (Volcano)
  A human (D:5)
  2 steam dragons
  2 hungry ghosts (D:10)
  7 vampire mosquitoes
  3 wargs
  14 water moccasins
  A hell hound (Volcano)
  12 porcupines
  3 sky beasts
  29 orc warriors
  3 black bears
  An eye of draining (D:10)
  A phantom (D:10)
  2 ice beasts
  A necrophage (D:8)
  3 ogres
  14 centaurs
  12 crocodiles
  4 wolves (Lair:1)
  2 big kobolds
  23 bullfrogs
  2 elf zombies (Elf:1)
  3 earth elementals
  2 scorpions
  6 killer bees
  2 troll skeletons (Lab)
  12 electric eels
  8 howler monkeys
  3 crimson imps
  2 lava snakes
  A quasit (D:8)
  6 hounds
  3 bullfrog skeletons
  A jelly (D:10)
  28 orc priests
  15 orc wizards
  3 centaur skeletons
  A human skeleton (D:5)
  Jessica (D:2)
  An iguana (D:11)
  Terence (D:2)
  7 hell rats (Lair:4)
  7 worker ants
  6 ogre zombies (D:10)
  2 ogre skeletons (Lab)
  A hound zombie (D:9)
  2 worker ant zombies
  A gnoll (D:9)
  9 adders
  A shadow imp (D:7)
  An adder skeleton (D:2)
  A worm (shapeshifter) (Elf:2)
  A worm (D:4)
  3 dart slugs
  5 leopard geckos
  52 orcs
  7 giant cockroaches
  6 goblins
  8 hobgoblins
  3 jackals (D:6)
  5 kobolds
  A quokka (D:9)
  2 ball pythons (D:7)
  8 bats
  2 frilled lizards
  A goblin skeleton (D:10)
  3 goblin zombies (D:10)
  5 hobgoblin zombies
  3 kobold zombies
  2 orc skeletons (D:10)
  13 orc zombies
  3 rats (D:2)
  A crawling corpse (Elf:3)
  3 plants
  A withered plant (Shoals:1)
1123 creatures vanquished.

Vanquished Creatures (collateral kills)
  Saint Roka (Orc:2)
  Kirke (D:13)
  Donald (Elf:3)
  An imperial myrmidon (Desolation)
  A very ugly thing (D:12)
  A halazid warlock (Desolation)
  A minotaur (Lab)
  3 hydras
  2 death yaks (D:9)
  3 orc high priests (Orc:2)
  A deep elf archer (Elf:3)
  A swamp dragon (Shoals:3)
  An orb spider (Spider:2)
  3 orc knights (Orc:2)
  An ugly thing (D:12)
  2 manticores
  A merfolk siren (Shoals:3)
  Grinder (D:6)
  3 saltlings (Desolation)
  3 blink frogs (Lair:6)
  A vampire (D:12)
  4 yaks
  A wyvern (D:15)
  A hog (D:13)
  2 vampire mosquitoes (Lair:6)
  6 orc warriors (Orc:2)
  An ogre (D:5)
  2 centaurs
  A crocodile (Sewer)
  A bullfrog (D:9)
  2 scorpions (D:6)
  3 wights (D:6)
  A crimson imp (D:15)
  2 orc priests (Orc:2)
  An iguana (D:12)
  A worker ant (D:6)
  7 mummies (Ossuary)
  A shadow imp (D:5)
  The ghost of 4thArraOfDagon the Firebug, a weakling DrFE (D:3)
  A leopard gecko (D:6)
  19 orcs
  2 giant cockroaches (D:3)
  A bat (D:3)
  A hobgoblin zombie (Ossuary)
  2 rats (D:3)
97 creatures vanquished.

Vanquished Creatures (others)
  A merfolk aquamancer (Shoals:4)
  A deep elf mage (D:15)
  A faun (Shoals:2)
  A redback (Spider:2)
  A wyvern (D:9)
  A human (D:15)
  A mummy (Ossuary)
  16 fungi (Lair:6)
  74 plants
  2 withered plants (D:15)
99 creatures vanquished.

Grand Total: 1319 creatures vanquished

Notes
Turn   | Place    | Note
-------+----------+-------------------------------------------
     0 | D:1      | 4thArraOfDagon the Minotaur Monk began the quest for the Orb.
     0 | D:1      | Reached XP level 1. HP: 19/19 MP: 0/0
    84 | D:1      | Reached skill level 4 in Long Blades
    86 | D:1      | Reached XP level 2. HP: 23/27 MP: 1/1
   184 | D:2      | Found a sparkling altar of Nemelex Xobeh.
   184 | D:2      | Noticed Jessica
   191 | D:2      | Killed Jessica
   191 | D:2      | Reached XP level 3. HP: 31/33 MP: 2/2
   195 | D:2      | Became a worshipper of Nemelex Xobeh the Trickster
   195 | D:2      | Received a gift from Nemelex Xobeh
   195 | D:2      | Reached * piety under Nemelex Xobeh
   195 | D:2      | Received a gift from Nemelex Xobeh
   195 | D:2      | Reached ** piety under Nemelex Xobeh
   375 | D:2      | Reached XP level 4. HP: 37/40 MP: 3/3
   428 | D:2      | Noticed Terence
   442 | D:2      | Killed Terence
   442 | D:2      | Reached skill level 5 in Long Blades
   453 | D:2      | Reached skill level 1 in Invocations
   474 | D:2      | Received a gift from Nemelex Xobeh
   539 | D:3      | Reached XP level 5. HP: 42/47 MP: 4/4
   558 | D:3      | Noticed 4thArraOfDagon's ghost (weakling DrFE)
   566 | D:3      | Killed 4thArraOfDagon's ghost
   778 | D:4      | Reached skill level 5 in Fighting
   778 | D:4      | Reached skill level 6 in Long Blades
   778 | D:4      | Reached XP level 6. HP: 22/56 MP: 6/6
   798 | D:4      | Found a glowing drain.
   869 | Sewer    | Entered a sewer
  1017 | D:5      | Entered Level 5 of the Dungeon
  1021 | D:5      | Found a runed door.
  1021 | D:5      | Noticed a human
  1025 | D:5      | Found a basalt altar of Yredelemnul.
  1063 | D:5      | Killed a human
  1063 | D:5      | Reached skill level 7 in Long Blades
  1063 | D:5      | Reached skill level 5 in Dodging
  1063 | D:5      | Reached XP level 7. HP: 32/61 MP: 6/8
  1126 | D:5      | Received a gift from Nemelex Xobeh
  1146 | D:5      | Found a sand-covered staircase.
  1155 | Ossuary  | Entered an ossuary
  1183 | Ossuary  | Noticed an ice devil
  1328 | Ossuary  | Gained mutation: Armour fits poorly on your strangely shaped body. [potion of mutation]
  1328 | Ossuary  | Gained mutation: You are dopey. (Int -2) [potion of mutation]
  1328 | Ossuary  | Gained mutation: You evolve. [potion of mutation]
  1529 | D:5      | Reached *** piety under Nemelex Xobeh
  1534 | D:5      | Received a gift from Nemelex Xobeh
  1665 | D:6      | Noticed Grinder
  1678 | D:6      | Killed Grinder
  1821 | D:6      | Lost mutation: Armour fits poorly on your strangely shaped body. [potion of mutation]
  1821 | D:6      | Lost mutation: You evolve. [potion of mutation]
  1821 | D:6      | Gained mutation: You have large cloven feet. [potion of mutation]
  1821 | D:6      | Gained mutation: You are resistant to hostile enchantments. (MR+) [potion of mutation]
  1821 | D:6      | Gained mutation: Scrolls take you a little longer to read. [potion of mutation]
  1821 | D:6      | Gained mutation: Your system is resistant to poisons. (rPois) [potion of mutation]
  1887 | D:6      | Reached skill level 8 in Long Blades
  1909 | D:6      | Reached XP level 8. HP: 39/70 MP: 9/9
  2040 | D:7      | Found a staircase to the Ecumenical Temple.
  2134 | D:7      | Reached skill level 9 in Long Blades
  2151 | D:7      | Found a sacrificial altar of Ru.
  2302 | D:7      | Received a gift from Nemelex Xobeh
  2425 | D:7      | Found a hide-covered altar of Uskayaw.
  2485 | D:8      | Reached skill level 10 in Long Blades
  2511 | D:8      | Reached skill level 5 in Invocations
  2511 | D:8      | Reached XP level 9. HP: 43/75 MP: 11/11
  2521 | D:8      | Reached **** piety under Nemelex Xobeh
  2552 | D:8      | Found a white marble altar of Elyvilon.
  2555 | D:8      | Found a shattered altar of Ashenzari.
  2558 | D:8      | Found an ornate altar of the Wu Jian Council.
  2686 | D:8      | Received a gift from Nemelex Xobeh
  2869 | D:9      | Reached skill level 11 in Long Blades
  3174 | D:9      | Received a gift from Nemelex Xobeh
  3202 | D:9      | Reached skill level 12 in Long Blades
  3211 | D:9      | Got an iridescent spear
  3218 | D:9      | Noticed a centaur warrior
  3218 | D:9      | Noticed a cyclops
  3225 | D:9      | Killed a centaur warrior
  3225 | D:9      | Reached XP level 10. HP: 35/82 MP: 12/14
  3228 | D:9      | Killed a cyclops
  3247 | D:9      | Noticed a brown ugly thing
  3250 | D:9      | Killed a brown ugly thing
  3348 | D:9      | Noticed a death yak
  3383 | D:9      | Killed a death yak
  3383 | D:9      | Reached skill level 13 in Long Blades
  3467 | D:9      | You fall through a shaft for 2 floors!
  3470 | D:11     | :O
  3621 | D:11     | Found a blossoming altar of Fedhas.
  3625 | D:11     | Noticed a red ugly thing
  3695 | D:11     | Noticed a gargoyle
  3721 | D:11     | Noticed a cyclops
  3772 | D:12     | Killed a red ugly thing
  3888 | D:13     | Noticed a manticore
  3907 | D:13     | Killed a manticore
  3973 | D:13     | Received a gift from Nemelex Xobeh
  3973 | D:13     | Noticed Erolcha
  3983 | D:13     | Reached XP level 11. HP: 88/88 MP: 16/16
  3990 | D:13     | Reached skill level 14 in Long Blades
  3991 | D:13     | Killed Erolcha
  4029 | D:13     | Noticed a two-headed ogre
  4040 | D:13     | Noticed a swamp dragon
  4040 | D:13     | a two-headed ogre changed into a swamp dragon
  4046 | D:13     | Killed a swamp dragon
  4046 | D:13     | Reached skill level 10 in Dodging
  4051 | D:13     | Noticed Kirke
  4068 | D:13     | Killed Kirke
  4082 | D:13     | Noticed Rupert
  4115 | D:13     | WHY
  4159 | D:13     | Reached ***** piety under Nemelex Xobeh
  4230 | D:13     | Found a labyrinth entrance.
  4234 | Lab      | Entered a labyrinth
  4235 | Lab      | yes
  4428 | Lab      | Received a gift from Nemelex Xobeh
  4456 | Lab      | Noticed a minotaur
  4476 | Lab      | Killed a minotaur
  4508 | Lab      | :*
  4566 | D:14     | Received a gift from Nemelex Xobeh
  4586 | D:15     | Entered Level 15 of the Dungeon
  4600 | D:15     | Noticed a centaur warrior
  4616 | D:15     | Reached skill level 15 in Long Blades
  4616 | D:15     | Noticed a deep elf mage
  4617 | D:15     | Killed a centaur warrior
  4621 | D:15     | Killed an unseen horror
  4641 | D:15     | Killed a deep elf mage
  4641 | D:15     | HP: 4/133 [card of wild magic (6)]
  4789 | D:15     | Killed an unseen horror
  4988 | D:14     | Received a gift from Nemelex Xobeh
  5198 | D:11     | Reached skill level 16 in Long Blades
  5201 | D:11     | Reached XP level 12. HP: 96/96 MP: 18/18
  5294 | D:11     | Reached skill level 10 in Invocations
  5355 | D:11     | Noticed a green very ugly thing
  5381 | D:12     | Received a gift from Nemelex Xobeh
  5494 | D:12     | Killed a green very ugly thing
  5606 | D:11     | Reached skill level 17 in Long Blades
  5957 | D:10     | Entered Level 10 of the Dungeon
  6049 | D:10     | Found a staircase to the Orcish Mines.
  6073 | D:10     | Received a gift from Nemelex Xobeh
  6231 | D:9      | Noticed a death yak
  6234 | D:9      | Noticed a death yak
  6275 | D:9      | Killed a death yak
  6282 | D:9      | HP: 4/96 [death yak (26)]
  6283 | D:9      | Killed a death yak
  6333 | D:9      | Found a staircase to the Lair.
  6346 | D:9      | Noticed a two-headed ogre
  6385 | D:9      | Received a gift from Nemelex Xobeh
  6418 | D:9      | Killed a two-headed ogre
  6418 | D:9      | Reached skill level 18 in Long Blades
  6657 | D:10     | Noticed a two-headed ogre
  6658 | D:10     | Received a gift from Nemelex Xobeh
  6664 | D:10     | Killed a two-headed ogre
  6789 | Orc:1    | Entered Level 1 of the Orcish Mines
  6846 | D:10     | Reached XP level 13. HP: 85/102 MP: 20/20
  6954 | Orc:1    | Received a gift from Nemelex Xobeh
  7068 | Orc:2    | Entered Level 2 of the Orcish Mines
  7141 | Orc:2    | Noticed an ettin
  7147 | Orc:2    | Killed an ettin
  7349 | Orc:2    | Received a gift from Nemelex Xobeh
  7392 | Orc:2    | Noticed Saint Roka
  7394 | Orc:2    | :O
  7445 | Orc:2    | Killed Saint Roka
  7445 | Orc:2    | Reached skill level 19 in Long Blades
  7519 | Orc:2    | Gained mutation: You are very dopey. (Int -4) [a neqoxec]
  7563 | Orc:2    | Found a staircase to the Elven Halls.
  8118 | Orc:2    | Reached skill level 20 in Long Blades
  8321 | Orc:2    | Found Evafudd's General Store.
  8321 | Orc:2    | Found Lomusch's Weapon Shop.
  8322 | Orc:2    | Found Dorghyf's Gadget Shop.
  8322 | Orc:2    | Found Ubauph's Gadget Boutique.
  8333 | Orc:2    | :(
  8337 | Orc:2    | Bought a scroll of fear for 49 gold pieces
  8337 | Orc:2    | Bought a potion of curing for 42 gold pieces
  8337 | Orc:2    | Bought a potion of brilliance for 56 gold pieces
  8337 | Orc:2    | Bought a potion of invisibility for 112 gold pieces
  8337 | Orc:2    | Bought a scroll of enchant weapon for 105 gold pieces
  8337 | Orc:2    | Bought a scroll of immolation for 49 gold pieces
  8481 | Lair:1   | Entered Level 1 of the Lair of Beasts
  8481 | Lair:1   | Noticed Gastronok
  8504 | Lair:1   | Killed Gastronok
  8913 | Lair:2   | Reached XP level 14. HP: 109/113 MP: 21/21
  8944 | Lair:2   | Lost mutation: Your system is resistant to poisons. (rPois) [potion of mutation]
  8944 | Lair:2   | Lost mutation: You are very dopey. (Int -4) [potion of mutation]
  8944 | Lair:2   | Gained mutation: Your body sometimes deteriorates upon taking damage. [potion of mutation]
  8944 | Lair:2   | Gained mutation: You have a pair of large horns on your head. [potion of mutation]
  8995 | Lair:2   | Noticed Sonja
  9029 | Lair:2   | Killed Sonja
  9039 | Lair:2   | Received a gift from Nemelex Xobeh
  9250 | Lair:2   | Reached ****** piety under Nemelex Xobeh
  9250 | Lair:2   | Received a gift from Nemelex Xobeh
  9374 | Lair:3   | Found a hole to the Spider Nest.
  9638 | Lair:3   | Received a gift from Nemelex Xobeh
  9726 | Lair:3   | Found a staircase to the Shoals.
  9954 | Lair:4   | Reached skill level 21 in Long Blades
 10035 | Lair:4   | Received a gift from Nemelex Xobeh
 10241 | Lair:5   | Received a gift from Nemelex Xobeh
 10277 | Lair:5   | Lost mutation: Scrolls take you a little longer to read. [potion of mutation]
 10277 | Lair:5   | Lost mutation: You have large cloven feet. [potion of mutation]
 10277 | Lair:5   | Lost mutation: Your body sometimes deteriorates upon taking damage. [potion of mutation]
 10277 | Lair:5   | Gained mutation: You evolve. [potion of mutation]
 10311 | Lair:5   | Found a dark tunnel.
 10318 | Volcano  | Entered a volcano
 10561 | Lair:5   | Received a gift from Nemelex Xobeh
 10694 | Lair:6   | Entered Level 6 of the Lair of Beasts
 10729 | Lair:5   | Received a gift from Nemelex Xobeh
 10771 | Lair:6   | Noticed Gorglomux's ghost (journeyman DDFi)
 10784 | Lair:6   | Killed Gorglomux's ghost
 10785 | Lair:6   | rip bud
 11015 | Lair:6   | Received a gift from Nemelex Xobeh
 11150 | Lair:6   | Found a glowing golden altar of the Shining One.
 11204 | Lair:6   | Reached XP level 15. HP: 108/126 MP: 23/23
 11489 | Lair:6   | Reached skill level 10 in Fighting
 11527 | Lair:6   | Identified the +10 mace of Cheese {freeze, +Blink rPois rF- MR+} (You found it on level 6 of the Lair of Beasts)
 11563 | Lair:6   | Found a staircase to the Slime Pits.
 11934 | Orc:2    | Gained mutation: You are partially covered in slimy green scales. (AC +2) [evolution]
 11934 | Orc:2    | Lost mutation: You evolve. [end of evolution]
 11945 | Orc:2    | Bought a wand of clouds (7) for 396 gold pieces
 11945 | Orc:2    | Bought a wand of digging (4) for 192 gold pieces
 11950 | Orc:2    | Bought a wand of acid (9) for 390 gold pieces
 12128 | Elf:1    | Entered Level 1 of the Elven Halls
 12181 | Elf:1    | Reached skill level 1 in Evocations
 12427 | Elf:1    | Found Waufoebb's Assorted Antiques.
 12435 | Elf:1    | let it be good
 12435 | Elf:1    | Bought an ancient great sword for 425 gold pieces
 12435 | Elf:1    | Identified the +6 great sword of Zeamuene {slice, rN+ Str-4 Dex+2} (You bought it in a shop on level 1 of the Elven Halls)
 12436 | Elf:1    | meg
 12445 | Elf:1    | Received a gift from Nemelex Xobeh
 12457 | Elf:1    | Noticed Asterion
 12475 | Elf:1    | Killed Asterion
 12475 | Elf:1    | Reached skill level 22 in Long Blades
 12708 | Elf:2    | Found a ruined gateway.
 12712 | Desolati | Entered the Desolation of Salt
 12967 | Desolati | Noticed an imperial myrmidon
 12978 | Desolati | Killed an imperial myrmidon
 13058 | Desolati | Got a bloodstained robe
 13069 | Desolati | Identified the +1 robe of Context {rCorr Dex+2 SInv} (You found it in the Desolation of Salt)
 13321 | Desolati | Reached XP level 16. HP: 137/137 MP: 25/25
 13434 | Desolati | Reached skill level 1 in Armour
 13451 | Desolati | Received a gift from Nemelex Xobeh
 13508 | Desolati | Identified the +5 cloak of Hesmirph {Stlth+} (You found it in the Desolation of Salt)
 13876 | Desolati | Got a faintly glowing amber ring
 13877 | Desolati | Identified the ring of Cheibriados's Delight {rN++ MR- Dex+2 Stlth+} (You found it in the Desolation of Salt)
 13886 | Desolati | Identified the ring "Fuhigg" {+Blink MR+} (You found it in the Desolation of Salt)
 14186 | Elf:3    | Entered Level 3 of the Elven Halls
 14198 | Elf:3    | Reached skill level 23 in Long Blades
 14315 | Elf:3    | Noticed Donald
 14325 | Elf:3    | Killed Donald
 14390 | Elf:3    | WHAT
 14393 | Elf:3    | Received a gift from Nemelex Xobeh
 14763 | Elf:3    | Got a pitted leather armour
 14774 | Elf:3    | Identified the +1 leather armour of Tahetis {MR+ Dex+7} (You found it on level 3 of the Elven Halls)
 14848 | Elf:3    | Received a gift from Nemelex Xobeh
 15345 | Elf:3    | Reached XP level 17. HP: 133/148 MP: 26/26
 15347 | Elf:3    | Identified the cursed ring of Haofuvaz {rC+ rN+ Str-4} (You took it off a deep elf annihilator on level 3 of the Elven Halls)
 15524 | Elf:3    | Noticed an Ice Fiend
 15702 | Elf:3    | Noticed a deep elf blademaster
 15725 | Elf:3    | Killed a deep elf blademaster
 15893 | Elf:3    | Noticed a deep elf master archer
 15911 | Elf:3    | Killed a deep elf master archer
 15911 | Elf:3    | Reached skill level 24 in Long Blades
 16088 | Elf:3    | Found the +0 sword of Power
 16103 | Elf:3    | Identified the cursed +0 cloak of Gravitas {Int+4} (You found it on level 3 of the Elven Halls)
 16110 | Elf:3    | Gained mutation: You tend to lose your temper in combat. [a neqoxec]
 16120 | Elf:3    | Identified the +1 cloak of Zoanuac {MR+ Dex-5 Stlth+} (You found it on level 3 of the Elven Halls)
 16141 | Elf:3    | Identified the Grimoire of Hurtful Translocation
 16443 | Elf:2    | Found a runed gate.
 16443 | Elf:2    | Found a runed gate.
 16443 | Elf:2    | Found a runed gate.
 16684 | Elf:2    | Identified the Almanac of the Blaze
 16700 | Elf:2    | Reached skill level 15 in Invocations
 16701 | Elf:2    | Received a gift from Nemelex Xobeh
 16822 | Elf:1    | Identified the Collected Works on Unholy Secrets
 17170 | Shoals:1 | Entered Level 1 of the Shoals
 17271 | Shoals:1 | Received a gift from Nemelex Xobeh
 17696 | Shoals:1 | Received a gift from Nemelex Xobeh
 17905 | Shoals:2 | Received a gift from Nemelex Xobeh
 17996 | Shoals:2 | Reached XP level 18. HP: 162/162 MP: 28/28
 18026 | Shoals:2 | Reached skill level 15 in Fighting
 18214 | Shoals:2 | Found Herokk's Assorted Antiques.
 18278 | Shoals:2 | Bought a scroll of identify for 76 gold pieces
 18278 | Shoals:2 | Bought a scroll of identify for 76 gold pieces
 18320 | Shoals:2 | Found a transporter.
 18338 | Shoals:2 | Found Vanusm's Assorted Antiques.
 18360 | Shoals:2 | Received a gift from Nemelex Xobeh
 18442 | Shoals:2 | Found Pewiump's Distillery.
 18451 | Shoals:2 | Bought a potion of mutation for 160 gold pieces
 18451 | Shoals:2 | Bought a potion of curing for 60 gold pieces
 18451 | Shoals:2 | Bought a potion of curing for 60 gold pieces
 18451 | Shoals:2 | Bought a potion of heal wounds for 100 gold pieces
 18451 | Shoals:2 | Lost mutation: You have a pair of large horns on your head. [potion of mutation]
 18451 | Shoals:2 | Lost mutation: You are resistant to hostile enchantments. (MR+) [potion of mutation]
 18451 | Shoals:2 | Lost mutation: You are dopey. (Int -2) [potion of mutation]
 18451 | Shoals:2 | Gained mutation: You passively map a small area around you. [potion of mutation]
 18451 | Shoals:2 | Gained mutation: You are weak. (Str -2) [potion of mutation]
 18451 | Shoals:2 | Gained mutation: You have a pair of large horns on your head. [potion of mutation]
 18453 | Shoals:2 | meh
 18490 | Shoals:2 | Noticed Polyphemus
 18499 | Shoals:2 | Killed Polyphemus
 18511 | Shoals:2 | Found Fofioj's Jewellery Shoppe.
 18563 | Shoals:2 | Found a transporter.
 18597 | Shoals:2 | Noticed Aizul
 18613 | Shoals:2 | Killed Aizul
 18697 | Shoals:2 | Received a gift from Nemelex Xobeh
 18714 | Shoals:2 | Gained mutation: You occasionally shout uncontrollably at your foes. [the power of Zot]
 18723 | Shoals:2 | Gained mutation: You are occasionally teleported next to monsters. [the power of Zot]
 18723 | Shoals:2 | Gained mutation: You are frail. (-10% HP) [the power of Zot]
 18727 | Shoals:2 | Lost mutation: You are occasionally teleported next to monsters. [the power of Zot]
 18829 | Shoals:2 | Identified the ring of Pixegem {-Tele rElec rC+ rN+++ MR+} (You found it on level 2 of the Shoals)
 18842 | Shoals:2 | Identified the ring "Deomaas" {rPois rN+ Int+5 Slay-2} (You found it on level 2 of the Shoals)
 18843 | Shoals:2 | meh
 18843 | Shoals:2 | so bad
 19229 | Shoals:3 | Received a gift from Nemelex Xobeh
 19548 | Shoals:4 | Entered Level 4 of the Shoals
 19548 | Shoals:4 | Received a gift from Nemelex Xobeh
 19591 | Shoals:4 | Found Lufakkeyrgh's Book Shop.
 19593 | Shoals:4 | Found Pasy's Armour Shop.
 19601 | Shoals:4 | bad
 19657 | Shoals:4 | Got a barnacled rune of Zot
 19920 | Shoals:4 | Found Werero's Weapon Emporium.
 20581 | Shoals:4 | Found Inofax's Antique Armour Shoppe.
 20588 | Shoals:4 | last hope
 20655 | Shoals:4 | nope
 20655 | Shoals:4 | Bought a pair of glowing gloves for 180 gold pieces
 20686 | Shoals:4 | Received a gift from Nemelex Xobeh
 21198 | Lair:3   | no armor!
 21230 | Spider:1 | Entered Level 1 of the Spider Nest
 21258 | Spider:2 | no dig
 21294 | Spider:2 | HP: 7/153 [wolf spider (4)]
 21342 | Spider:2 | Reached XP level 19. HP: 76/159 MP: 30/30
 21646 | Spider:2 | Received a gift from Nemelex Xobeh
 22058 | Spider:3 | Found a roughly hewn altar of Beogh.
 22177 | Spider:3 | Received a gift from Nemelex Xobeh
 22315 | Spider:4 | Entered Level 4 of the Spider Nest
 22362 | Spider:4 | Learned a level 5 spell: Borgnjor's Vile Clutch
 22372 | Spider:4 | Learned a level 9 spell: Shatter
 22648 | Spider:4 | HP: 6/161 [disintegration[a torpor snail] (28)]
 22651 | Spider:4 | Blown up by an orb spider

Vault maps used:
D:1:      giann_forest_graveyard
D:2:      minmay_misc_feat_pillars, nemelex_lonely_heart_becter, uniq_terence
D:3:      amethyst_killhole
D:4:      kennysheep_mini_moat, first_ration, gup_sewer_entry_glass,
          serial_shops, shop
D:5:      nicolae_overflow_crystal_walls, nicolae_ossuary_entry_ruins,
          grunt_ministairs_6, dk_yredelemnul_ordeal
D:6:      uniq_grinder
D:7:      nicolae_overflow_hidden_temple, nicolae_ru_great_annihilating_truth,
          minmay_temple_entry_junction
D:8:      grunt_temple_overflow_diamond, the_bakery, minmay_holes,
          item_on_display_a
D:9:      minmay_the_grid_4x2, dpeg_lair_monsters
D:10:     zombieorc1_lemuel
D:11:     cheibrodos_breeding_chamber, basic_altar, minivault_16
D:12:     wad_lake_hut, kennysheep_generic_room_14
D:13:     lab_entry_generic, uniq_rupert, uniq_erolcha, uniq_kirke
D:14:     lightli_vaults_fourway_checkpoint, hangedman_decor_peaks_small,
          nrook_mini_backslash
D:15:     gammafunk_depths_entry_grave, minmay_misc_feat_nine_boxes
Lair:1:   uniq_gastronok
Lair:2:   patterned_corridor, grunt_megastairs_5, uniq_sonja
Lair:3:   elwin_shoals_entry_rocks, spider_nest_entry_webs
Lair:4:   cheibrodos_magma_flow, beast_lair_carwin_2
Lair:5:   enter_volcano_4, serial_bayou_shore_a
Lair:6:   minmay_lair_end_frog_pond, minmay_slime_entry_oklob_open, basic_altar,
          minmay_lair_oklob_chamber
Shoals:1: argonaut_gorgonesque
Shoals:2: gammafunk_its_a_trap, serial_shops, shop, shop, shop, shop,
          uniq_aizul, uniq_polyphemus
Shoals:3: nicolae_shoals_seven_spires
Shoals:4: shoals_end_hangedman, shoals_ilsuiw_alternative, serial_shops, shop,
          nicolae_shop_statue_plus, shop, shop,
          nicolae_shoals_siren_and_animal_friends
Spider:1: spider_trap, guppyfry_spider_mini_1
Spider:2: hangedman_spider_tarantella_strand
Spider:3: nicolae_spider_mines_2
Spider:4: grunt_spider_rune_circles
Orc:2:    st_orc_pillars, serial_shops, shop, uniq_saint_roka
Elf:1:    serial_shops, nicolae_shop_temple_entry_statues_fountains,
          minmay_elf_necromancy, uniq_asterion
Elf:2:    portal_desolation_entry_salt, hangedman_research_pyrotechnics,
          uniq_louise
Elf:3:    minmay_elf_hall_curves, uniq_donald
Lab:      labyrinth_mini_lab, labyrinth_lava_lair, labyrinth_skeletal_remains,
          nicolae_lab_big_swirl, lab_fountain, nicolae_lab_x
Sewer:    sewer_big_baddie
Ossuary:  ossuary_tomb_3
Volcano:  volcano_village

Skill      XL: |  1  2  3  4  5  6  7  8  9 10 11 12 13 14 15 16 17 18 19 |
---------------+----------------------------------------------------------+-----
Long Blades    | 4 5 6 7 8 10 12 13 16 18 20 21 22 23 24 | 24.0
Fighting       | 4 5 6 7 9 11 12 14 17 18 | 18.2
Dodging        | 4 5 6 8 9 10 12 13 14 | 14.0
Invocations    | 1 2 3 5 6 8 9 11 12 13 14 15 17 18 | 18.0
Evocations     | 3 4 |  4.0
Armour         | 4 |  4.0
Stealth        | |  1.5

Action                   |  1- 3 |  4- 6 |  7- 9 | 10-12 | 13-15 | 16-18 | 19-21 || total
-------------------------+-------+-------+-------+-------+-------+-------+-------++-------
Melee: Falchion          |    64 |   149 |    60 |       |       |       |       ||   273
       Headbutt          |    15 |    31 |    38 |    89 |   239 |   296 |    56 ||   764
       Great sword       |       |       |   125 |   390 |  1090 |  1236 |   219 ||  3060
Invok: Stack Five        |       |       |       |     1 |     7 |     3 |       ||    11
 Abil: Evoke Berserk Rag |       |       |       |       |     4 |     9 |       ||    13
       Stop Flying       |       |       |       |       |     1 |     6 |       ||     7
       Evoke Flight      |       |       |       |       |       |     6 |       ||     6
Evoke: Deck              |       |     6 |     8 |    40 |    29 |    36 |     5 ||   124
       Wand              |       |       |       |    14 |     7 |     1 |       ||    22
  Use: Potion            |       |     2 |     4 |     9 |     7 |     9 |     2 ||    33
       Scroll            |       |     4 |     9 |    22 |    18 |    24 |     4 ||    81
 Stab: Paralysed         |       |       |     2 |       |     3 |       |       ||     5
       Invisible         |       |       |     1 |       |       |    11 |       ||    12
       Sleeping          |       |       |       |     3 |     2 |     3 |       ||     8
       Petrified         |       |       |       |       |     2 |       |       ||     2
       Distracted        |       |       |       |       |     1 |     2 |       ||     3
  Eat: Chunk             |       |     1 |     7 |    13 |    16 |    16 |       ||    53
       Ration            |       |       |       |     1 |     3 |     9 |       ||    13
Armor: Robe              |     3 |       |       |       |       |       |       ||     3
       Chain mail        |    34 |    90 |   102 |    10 |       |       |       ||   236
       Troll leather arm |       |       |       |    65 |   129 |   224 |    53 ||   471
       Skin              |       |       |       |    39 |       |       |       ||    39
Dodge: Dodged            |    28 |    52 |   123 |   330 |   712 |   998 |   244 ||  2487
       Rpst.: Falchion   |     7 |    12 |     6 |       |       |       |       ||    25
       Great sword       |       |       |    21 |    82 |   199 |   191 |    65 ||   558

Table legend:
 A = Spawn XP
 B = Non-spawn XP
 C = Spawn XP percentage of total XP
 D = Spawn monster count
 E = Non-spawn monster count
 F = Spawn count percentage of total count
 G = Total turns spent on level
                    A         B        C        D         E        F      G
               +---------+---------+-------+---------+---------+-------+---------
         Total |       0 |  410245 |   0.0 |       0 |    1220 |   0.0 | 22651
               +---------+---------+-------+---------+---------+-------+---------
           D:1 |       0 |      20 |   0.0 |       0 |      11 |   0.0 |   198
           D:2 |       0 |     108 |   0.0 |       0 |      18 |   0.0 |   290
           D:3 |       0 |     127 |   0.0 |       0 |      25 |   0.0 |   201
           D:4 |       0 |     276 |   0.0 |       0 |      18 |   0.0 |   306
           D:5 |       0 |     296 |   0.0 |       0 |       5 |   0.0 |   377
           D:6 |       0 |     706 |   0.0 |       0 |      18 |   0.0 |   422
           D:7 |       0 |    1043 |   0.0 |       0 |      20 |   0.0 |   401
           D:8 |       0 |    1040 |   0.0 |       0 |      10 |   0.0 |   375
           D:9 |       0 |    9866 |   0.0 |       0 |      47 |   0.0 |  1049
          D:10 |       0 |    3035 |   0.0 |       0 |      44 |   0.0 |   686
          D:11 |       0 |    8133 |   0.0 |       0 |      36 |   0.0 |   815
          D:12 |       0 |    3191 |   0.0 |       0 |      21 |   0.0 |   339
          D:13 |       0 |    4564 |   0.0 |       0 |      11 |   0.0 |   523
          D:14 |       0 |     635 |   0.0 |       0 |       4 |   0.0 |   147
          D:15 |       0 |    4582 |   0.0 |       0 |      16 |   0.0 |   384
        Lair:1 |       0 |   10693 |   0.0 |       0 |      39 |   0.0 |   531
        Lair:2 |       0 |    7391 |   0.0 |       0 |      35 |   0.0 |   469
        Lair:3 |       0 |    6313 |   0.0 |       0 |      32 |   0.0 |   648
        Lair:4 |       0 |    4012 |   0.0 |       0 |      21 |   0.0 |   377
        Lair:5 |       0 |    2380 |   0.0 |       0 |       8 |   0.0 |   356
        Lair:6 |       0 |   24857 |   0.0 |       0 |      91 |   0.0 |   923
      Shoals:1 |       0 |   22496 |   0.0 |       0 |      41 |   0.0 |   812
      Shoals:2 |       0 |   26962 |   0.0 |       0 |      48 |   0.0 |  1094
      Shoals:3 |       0 |   16566 |   0.0 |       0 |      38 |   0.0 |   942
      Shoals:4 |       0 |   38116 |   0.0 |       0 |      67 |   0.0 |  1162
      Spider:2 |       0 |   16882 |   0.0 |       0 |      46 |   0.0 |   631
      Spider:3 |       0 |    8884 |   0.0 |       0 |      24 |   0.0 |   447
      Spider:4 |       0 |   13895 |   0.0 |       0 |      41 |   0.0 |   336
         Orc:1 |       0 |    1062 |   0.0 |       0 |      12 |   0.0 |   266
         Orc:2 |       0 |   13756 |   0.0 |       0 |     109 |   0.0 |  1570
         Elf:1 |       0 |   19281 |   0.0 |       0 |      29 |   0.0 |   761
         Elf:2 |       0 |   25735 |   0.0 |       0 |      43 |   0.0 |   729
         Elf:3 |       0 |   69174 |   0.0 |       0 |      73 |   0.0 |  2105
           Lab |       0 |     958 |   0.0 |       0 |       5 |   0.0 |   282
         Sewer |       0 |      59 |   0.0 |       0 |       6 |   0.0 |   111
       Ossuary |       0 |      89 |   0.0 |       0 |      16 |   0.0 |   182
       Volcano |       0 |    3212 |   0.0 |       0 |       9 |   0.0 |   150
    Desolation |       0 |   39850 |   0.0 |       0 |      83 |   0.0 |  1247
               +---------+---------+-------+---------+---------+-------+---------
